 Dungeon Crawl Stone Soup version 0.22-a0-240-g539252a (webtiles) character file.

3537 Amnesiac the Prestidigitator (level 9, -2/47 HPs)
             Began as a Spriggan Artificer on Feb 21, 2018.
             Was an Initiate of Gozag.
             Slain by an orc warrior
             ... wielding a +0 halberd
              (16 damage)
             ... on level 7 of the Dungeon.
             The game lasted 00:28:06 (11704 turns).

Amnesiac the Prestidigitator (Spriggan Artificer)  Turns: 11704, Time: 00:28:07

Health: -2/47      AC:  4    Str: 11    XL:     9   Next: 82%
Magic:  0/19       EV: 25    Int: 12    God:    Gozag
Gold:   1129       SH:  0    Dex: 17    Spells: 5/8 levels left

rFire    . . .     SeeInvis +   a - +2 dagger (venom)
rCold    . . .     Gourm    .   (shield restricted)
rNeg     . . .     Faith    .   e - +2 robe {MR+}
rPois    .         Spirit   +   (helmet restricted)
rElec    .         Reflect  .   C - scarf {cloud immunity}
rCorr    .         Harm     .   (gloves unavailable)
MR       ++...                  (boots unavailable)
Stlth    +++.......             G - amulet of guardian spirit
HPRegen  0.15/turn              (no ring)
MPRegen  0.16/turn              (no ring)

@: gold aura, very quick
A: very small, unfitting armour, see invisible, herbivore, speed 3, slow
metabolism 2
a: Potion Petition, Call Merchant, Bribe Branch, Renounce Religion


You were on level 7 of the Dungeon.
You worshipped Gozag.
Gozag was most pleased with you.
You were not hungry.

You visited 2 branches of the dungeon, and saw 9 of its levels.

You collected 1216 gold pieces.
You paid 87 gold pieces to Gozag.

Inventory:

Hand Weapons
 a - a +2 dagger of venom (weapon)
 b - a +1 hunting sling
 j - a +0 hand crossbow
 D - a +0 flail of protection
Missiles
 l - 12 bolts
 m - 217 stones (quivered)
 p - 4 curare-tipped needles
 q - a sling bullet
 s - 20 poisoned needles
 w - a throwing net
Armour
 e - a +2 robe of magic resistance (worn)
 C - a scarf of cloud immunity (worn)
Jewellery
 A - an uncursed amulet of regeneration
 G - an amulet of guardian spirit (around neck)
Wands
 c - a wand of flame (6)
 d - a wand of enslavement (9)
 o - a wand of clouds (1)
 u - a wand of polymorph (9)
Scrolls
 r - 2 scrolls of teleportation {!r}
 x - 2 scrolls of blinking {!r}
 y - 2 scrolls of magic mapping {!r}
 B - 2 scrolls of amnesia {!r}
 E - a scroll of fog {!r}
 F - a scroll of identify {!r}
Potions
 g - a potion of haste {!q, unknown}
 h - 2 potions of mutation {!q}
 i - 9 potions of curing {!q, unknown}
 k - a potion of ambrosia {!q}
 n - 3 potions of heal wounds {!q}
 v - 2 potions of lignification {!q}
 z - a potion of agility {!q}
 I - a potion of berserk rage {!q}
 J - a potion of magic {!q}
Comestibles
 f - 9 rations


   Skills:
 + Level 5.5 Fighting
 + Level 3.7 Short Blades
 + Level 9.9 Dodging
 + Level 5.0 Stealth
 * Level 12.5 Evocations


You had 5 spell levels left.
You knew the following spells:

 Your Spells              Type           Power        Failure   Level  Hunger
a - Apportation           Tloc           #.....       32%         1    ##.....
b - Summon Small Mammal   Summ           #...         32%         1    ##.....
z - Confusing Touch       Hex            #.....       32%         1    ##.....


Dungeon Overview and Level Annotations

Branches:
Dungeon (8/15)             Temple (1/1) D:6
   Lair: D:8-11

Altars:
Ashenzari
Cheibriados
Fedhas
Gozag
Nemelex Xobeh
Ru
Sif Muna
Trog
Xom

Shops:
D:5 (

Annotations:
D:6 Pikel


Innate Abilities, Weirdness & Mutations

You are very small and have problems with some larger weapons.
You are too small for most types of armour.
You have supernaturally acute eyesight. (SInv)
You are a herbivore.
You cover ground extremely quickly.
You need consume almost no food.


Message History

The yak bellows!
You hit the orc warrior.
The orc warrior is lightly wounded.
You closely miss the orc warrior.
The orc warrior is lightly wounded.
The orc warrior completely misses you.
You hit the orc warrior but do no damage.
The orc warrior is poisoned.
The orc warrior is lightly wounded.
The orc warrior closely misses you.
You hit the orc warrior.
The orc warrior looks as sick as possible!
The orc warrior is lightly wounded.
The yak completely misses you. The orc warrior closely misses you.
There is an open door here.
You swing at nothing.
You swing at nothing.
You swing at nothing.
You hit the yak.
The yak is poisoned.
The yak is lightly wounded.
The yak misses you.
You hit the yak.
The yak is lightly wounded.
The yak misses you. The orc warrior completely misses you.
There is an open door, spattered with blood here.
Things that are here:
a hand axe; an animal skin You swing at nothing.
You swing at nothing.
You hit the yak.
The yak is poisoned.
The yak is moderately wounded.
You hit the yak.
The yak is moderately wounded.
The yak misses you.
You hit the yak.
The yak looks as sick as possible!
The yak is heavily wounded.
The yak gores you!
The orc warrior shouts!
You hit the yak.
The yak is heavily wounded.
The orc warrior closely misses you.
There is an open door here.
There is an open door, spattered with blood here.
Things that are here:
a hand axe; an animal skin You swing at nothing.
You swing at nothing.
You kill the yak!
Your Stealth skill increases to level 5!
You swing at nothing.
You swing at nothing.
You barely miss the orc warrior.
The orc warrior is severely wounded.
The orc warrior completely misses you.
You hit the orc warrior but do no damage.
The orc warrior is poisoned.
The orc warrior is severely wounded.
The orc warrior hits you with a halberd!
* * * LOW HITPOINT WARNING * * *
You barely miss the orc warrior.
The orc warrior is severely wounded.
The orc warrior hits you with a halberd!!
You die...
Your body crumbles into a pile of gold.

#.....# .#%%#.......#.....#...#..
#.....#..#.%#.......#.....'...#..
#.....#..'..#.......#....##...##.
#...Y.#..#..####....#....##...##.
#..(..# #..#..#...##.....'....#.
#.....#####'#..###'##<....#....#.
......p........#..........#....#[
.........$.....o..........#....#[
.##'###........#@........##...##.
.#.. #.......o#.........##...##.
.'.. #......$.#.........#....'..
.#.. #........#.........'....#..
##. #........'.........#....#..
#........#.........#....##.
#........#.........##...##.
........#.........#######.
........'...............#.


You could see an orc warrior.

Vanquished Creatures
  A wyvern (D:5)
  Sigmund (D:2)
  A human (D:7)
  3 hogs (D:7)
  A yak (D:7)
  A hungry ghost (D:6)
  Edmund (D:4)
  Duvessa (D:5)
  2 orc warriors
  A swamp drake (D:5)
  4 slaves
  An ogre (D:6)
  2 bullfrogs (D:6)
  A scorpion (D:4)
  4 killer bees (D:7)
  4 wights (D:6)
  A howler monkey (D:5)
  3 crimson imps
  A quasit (D:7)
  A bullfrog skeleton (D:7)
  4 hounds
  2 orc priests
  A jelly (D:3)
  A centaur skeleton (D:5)
  A gnoll shaman (D:6)
  An orc wizard (D:6)
  7 worker ants
  15 gnolls
  13 adders
  A howler monkey skeleton (D:3)
  4 shadow imps
  An ooze (D:3)
  An adder zombie (D:7)
  An adder skeleton (D:5)
  5 worms
  4 leopard geckos
  17 orcs
  A ball python (D:4)
  10 bats
  4 giant cockroaches
  8 goblins
  6 hobgoblins
  11 jackals
  7 kobolds
  2 quokkas
  8 frilled lizards
  2 leopard gecko skeletons (D:5)
  A quokka skeleton (D:6)
  8 rats
  2 plants (D:3)
184 creatures vanquished.

Vanquished Creatures (collateral kills)
  A phantom (D:7)
  A centaur (D:5)
  A water moccasin skeleton (D:5)
  A crimson imp (D:5)
  2 orc priests (D:7)
  An orc wizard (D:7)
7 creatures vanquished.

Vanquished Creatures (others)
  A wizard (D:3)
  A worker ant (D:4)
2 creatures vanquished.

Grand Total: 193 creatures vanquished

Notes
Turn   | Place    | Note
-------+----------+-------------------------------------------
     0 | D:1      | Amnesiac the Spriggan Artificer began the quest for the Orb.
     0 | D:1      | Reached XP level 1. HP: 9/9 MP: 4/4
   114 | D:4      | Noticed a hound
   118 | D:4      | Killed a hound
   118 | D:4      | Reached skill level 1 in Fighting
   118 | D:4      | Reached XP level 2. HP: 14/14 MP: 6/6
   118 | D:4      | Reached XP level 3. HP: 18/18 MP: 7/7
   344 | D:4      | Reached skill level 5 in Evocations
   344 | D:4      | Reached XP level 4. HP: 15/22 MP: 8/8
   556 | D:4      | Reached XP level 5. HP: 25/26 MP: 10/10
   802 | D:4      | Reached skill level 6 in Evocations
  1615 | D:4      | Found a sacrificial altar of Ru.
  1827 | D:4      | Learned a level 1 spell: Confusing Touch
  1829 | D:4      | Learned a level 1 spell: Apportation
  1831 | D:4      | Learned a level 1 spell: Summon Small Mammal
  2107 | D:5      | Entered Level 5 of the Dungeon
  2244 | D:5      | Noticed Duvessa
  2244 | D:5      | Noticed Dowan
  2247 | D:5      | Found a deep blue altar of Sif Muna.
  2252 | D:5      | Noticed a wyvern
  2277 | D:5      | Noticed a centaur
  2292 | D:5      | Killed a centaur
  2292 | D:5      | Reached skill level 5 in Dodging
  2292 | D:5      | Reached XP level 6. HP: 31/31 MP: 10/12
  2309 | D:5      | Reached skill level 7 in Evocations
  2982 | D:5      | Found Dabouxt's Antique Weapon Shoppe.
  3098 | D:5      | Noticed Edmund
  3133 | D:6      | Found a staircase to the Ecumenical Temple.
  3140 | Temple   | Entered the Ecumenical Temple
  3325 | D:6      | Found a sparkling altar of Nemelex Xobeh.
  3580 | D:2      | Reached XP level 7. HP: 35/35 MP: 13/13
  3765 | Temple   | Became a worshipper of Gozag Ym Sagoz the Greedy
  4784 | D:2      | Reached skill level 8 in Evocations
  4789 | D:2      | Noticed Sigmund
  4996 | D:2      | Killed Sigmund
  5172 | D:2      | Found a snail-covered altar of Cheibriados.
  5717 | D:3      | Reached skill level 9 in Evocations
  6144 | D:3      | Found a faded altar of an unknown god.
  6287 | D:3      | Found a bloodstained altar of Trog.
  6289 | D:3      | Noticed a wizard
  6298 | D:3      | Killed a wizard
  7168 | D:4      | Killed Edmund
  7168 | D:4      | Reached XP level 8. HP: 28/42 MP: 14/16
  7501 | D:5      | Killed Duvessa
  7583 | D:5      | Noticed Dowan
  7583 | D:5      | Dowan changed into Dowan the swamp drake
  7597 | D:5      | Killed Dowan the swamp drake
  7597 | D:5      | Reached skill level 10 in Evocations
  7743 | D:5      | Killed a wyvern
  8893 | D:6      | Reached skill level 11 in Evocations
  9377 | D:6      | Reached XP level 9. HP: 46/46 MP: 18/18
 10212 | D:7      | Noticed Pikel
 10490 | D:7      | Reached skill level 5 in Fighting
 11033 | D:6      | You fall through a shaft for 2 floors!
 11052 | D:7      | Reached skill level 12 in Evocations
 11698 | D:7      | Reached skill level 5 in Stealth
 11704 | D:7      | Slain by an orc warrior

Vault maps used:
D:1:      nicolae_arrival_washed_ashore, st_stairs_1
D:2:      first_ration, cheibriados_altar_1, uniq_sigmund
D:3:      wad_lake_hut, chequers_ecumenical_altar_simple_redux,
          roderic_roman_lattice, trog_wizard
D:4:      nicolae_ru_the_path_less_chosen
D:5:      kennysheep_mini, serial_shops, shop_fountains, uniq_edmund,
          uniq_duvessa
D:6:      minmay_temple_entry_mist, hangedman_decor_diamond_cutter,
          nemelex_spade_bored_becter
D:7:      grunt_livestock, uniq_menkaure, uniq_pikel
D:8:      minmay_separated_statues, minmay_evil_grid, uniq_maurice
Temple:   minmay_temple_curvy_branch

Skill      XL: |  1  2  3  4  5  6  7  8  9 |
---------------+----------------------------+-----
Fighting       | 1 2 3 4 5 |  5.5
Stealth        | 2 5 |  5.0
Short Blades   | 2 3 |  3.7
Evocations     | 5 6 7 9 11 12 | 12.5
Dodging        | 4 5 7 8 9 |  9.9

Action                   |  1- 3 |  4- 6 |  7- 9 || total
-------------------------+-------+-------+-------++-------
Melee: Short sword       |     2 |    20 |    34 ||    56
       Unarmed           |       |     2 |     5 ||     7
       Dagger            |       |       |   239 ||   239
       Flail             |       |       |     5 ||     5
 Fire: Hunting sling     |    37 |   224 |   674 ||   935
       Hand crossbow     |       |       |    87 ||    87
Throw: Stone             |       |       |     4 ||     4
 Cast: Confusing Touch   |       |     2 |     2 ||     4
Evoke: Wand              |     5 |    14 |    20 ||    39
  Use: Scroll            |       |     3 |    12 ||    15
 Stab: Confused          |       |     2 |     2 ||     4
       Paralysed         |       |     1 |       ||     1
       Distracted        |       |       |     2 ||     2
       Sleeping          |       |       |     2 ||     2
  Eat: Ration            |       |       |     5 ||     5
Armor: Robe              |     1 |     9 |    34 ||    44
Dodge: Dodged            |     9 |   154 |   583 ||   746

Table legend:
 A = Spawn XP
 B = Non-spawn XP
 C = Spawn XP percentage of total XP
 D = Spawn monster count
 E = Non-spawn monster count
 F = Spawn count percentage of total count
 G = Total turns spent on level
                    A         B        C        D         E        F      G
               +---------+---------+-------+---------+---------+-------+---------
         Total |       0 |    5054 |   0.0 |       0 |     185 |   0.0 | 11704
               +---------+---------+-------+---------+---------+-------+---------
           D:1 |       0 |      36 |   0.0 |       0 |      23 |   0.0 |   699
           D:2 |       0 |     391 |   0.0 |       0 |      38 |   0.0 |  1084
           D:3 |       0 |     197 |   0.0 |       0 |      24 |   0.0 |  1358
           D:4 |       0 |     600 |   0.0 |       0 |      24 |   0.0 |  2796
           D:5 |       0 |    1013 |   0.0 |       0 |      22 |   0.0 |  1784
           D:6 |       0 |    1054 |   0.0 |       0 |      24 |   0.0 |  2856
           D:7 |       0 |    1763 |   0.0 |       0 |      30 |   0.0 |  1017
               +---------+---------+-------+---------+---------+-------+---------
